 Dungeon Sprint DCSS version 0.17-a0-1945-gfe993df (webtiles) character file.

404 KambridgeKobold the Protected (level 6, 0/57 HPs)
             Began as a Minotaur Fighter on Sept 30, 2015.
             Was a Follower of Okawaru.
             Slain by a crocodile (10 damage)
             ... in the Dungeon (Sprint VII: "The Pits").
             The game lasted 00:05:15 (738 turns).

KambridgeKobold the Protected (Minotaur Fighter)     Turns: 738, Time: 00:05:15

Health: 0/57       AC: 14    Str: 20    XL:     6   Next: 56%
Magic:  5/5        EV: 10    Int:  6    God:    Okawaru [*.....]
Gold:   0          SH:  0    Dex: 11    Spells: 0 memorised, 5 levels left

rFire  . . .     SeeInvis .     m - +2 flail (protect)
rCold  . . .     Clarity  .     b - +0 scale mail
rNeg   . . .     SustAt   .     (no shield)
rPois  .         Gourm    .     (helmet restricted)
rElec  .         Spirit   .     (no cloak)
rCorr  .         Warding  .     (no gloves)
rMut   .         NoTele   +     (no boots)
MR     .....                    (no amulet)
Stlth  ..........               (no ring)
                                (no ring)

@: not resistant to hostile enchantments, extremely unstealthy
A: retaliatory headbutt, horns 2
a: Heroism, Renounce Religion


You were in the Dungeon.
You worshipped Okawaru.
Okawaru was aware of your devotion.
You were not hungry.

You visited 1 branch

Inventory:

Hand weapons
 m - a +2 flail of protection (weapon)
Armour
 b - a +0 scale mail (worn)
 n - a +3 chain mail
Scrolls
 k - a scroll of blinking
 r - 2 scrolls of remove curse
 s - 5 scrolls of amnesia
 t - a scroll of summoning
Potions
 d - a potion of might
 g - 5 potions of heal wounds
 h - a potion of haste
 i - 4 potions of magic
 j - 3 potions of berserk rage
 l - 5 potions of curing
 q - 2 potions of invisibility
Comestibles
 c - 12 chunks of flesh
 e - 8 bread rations
 o - 40 fruits
 p - 7 meat rations


   Skills:
 + Level 6.2 Fighting
 + Level 9.8 Maces & Flails
 + Level 13.1 Armour
   Level 3.6 Shields


You had 5 spell levels left.
You didn't know any spells.

Dungeon Overview and Level Annotations

Branches:
Dungeon (1/1)

Altars:
Ashenzari
Cheibriados
Dithmenos
Elyvilon
Fedhas
Gozag
Kikubaaqudgha
Makhleb
Nemelex Xobeh
Okawaru
Qazlal
Ru
Sif Muna
Trog
Vehumet
Xom
Yredelemnul
Zin
The Shining One
Beogh
Jiyva
Lugonu


Innate Abilities, Weirdness & Mutations

You reflexively headbutt those who attack you in melee.
You have a pair of horns on your head.


Message History

You can now gain great but temporary skills.
Your Maces & Flails skill gained 2 levels and is now at level 9!
Your Armour skill gained 3 levels and is now at level 13!
You have reached level 6!
Your experience leads to an increase in your attributes!
Increase (S)trength, (I)ntelligence, or (D)exterity?
You feel clever. The goblin closely misses you.
You completely miss the goblin. You headbutt the goblin.
The goblin is heavily wounded.
The goblin hits you but does no damage.
You closely miss the goblin. You headbutt the goblin.
You kill the goblin!
Okawaru accepts your kill.
You hit the crocodile but do no damage.
The crocodile bites you but does no damage.
You hit the crocodile but do no damage.
The crocodile bites you but does no damage.
You closely miss the crocodile. The crocodile bites you!
You die...

#.#........##.......##h.#
#.#........##.......##.o#
#)###########.......#
#)).....# #########
#.###...# #### #.#.....#
....# #.#...#.#+#....#
#.....#.#)t....+
#...###.#@# #.......).#
###########


You could see a crocodile.

Vanquished Creatures
  A merfolk (D)
  An orc priest (D)
  An iguana (D)
  A worker ant (D)
  An orc wizard (D)
  An adder (D)
  2 river rats (D)
  A gnoll (D)
  An ufetubus (D)
  A giant gecko (D)
  4 orcs (D)
  A hobgoblin (D)
  2 jackals (D)
  A giant cockroach (D)
  A giant newt (D)
  2 goblins (D)
  A kobold (D)
  A rat (D)
24 creatures vanquished.

Vanquished Creatures (others)
  An orc wizard (D)
1 creature vanquished.

Grand Total: 25 creatures vanquished

Notes
Turn   | Place    | Note
--------------------------------------------------------------
     0 | D        | KambridgeKobold the Minotaur Fighter began the quest for the Orb.
     0 | D        | Reached XP level 1. HP: 19/19 MP: 0/0
    16 | D        | Reached skill level 4 in Fighting
    16 | D        | Reached XP level 2. HP: 24/28 MP: 1/1
    44 | D        | Reached skill level 5 in Fighting
    44 | D        | Reached skill level 5 in Armour
    72 | D        | Noticed a worker ant
    81 | D        | Killed a worker ant
    81 | D        | Reached skill level 5 in Maces & Flails
    81 | D        | Reached skill level 6 in Armour
    81 | D        | Reached XP level 3. HP: 8/37 MP: 2/2
    87 | D        | Reached skill level 7 in Armour
   151 | D        | Reached XP level 4. HP: 16/44 MP: 3/3
   367 | D        | Found a sacrificial altar of Ru.
   367 | D        | Found a basalt altar of Yredelemnul.
   367 | D        | Found a shadowy altar of Dithmenos.
   367 | D        | Found a deep blue altar of Sif Muna.
   367 | D        | Found a burning altar of Makhleb.
   367 | D        | Found a shimmering altar of Xom.
   367 | D        | Found an ancient bone altar of Kikubaaqudgha.
   367 | D        | Found a sparkling altar of Nemelex Xobeh.
   368 | D        | Found a glowing golden altar of the Shining One.
   368 | D        | Found a bloodstained altar of Trog.
   368 | D        | Found a shattered altar of Ashenzari.
   368 | D        | Found a white marble altar of Elyvilon.
   368 | D        | Found a snail-covered altar of Cheibriados.
   368 | D        | Found a blossoming altar of Fedhas.
   368 | D        | Found a radiant altar of Vehumet.
   368 | D        | Found a glowing silver altar of Zin.
   368 | D        | Found a corrupted altar of Lugonu.
   368 | D        | Found a viscous altar of Jiyva.
   368 | D        | Found a roughly hewn altar of Beogh.
   368 | D        | Found an iron altar of Okawaru.
   374 | D        | Found a stormy altar of Qazlal.
   374 | D        | Found an opulent altar of Gozag.
   394 | D        | Became a worshipper of Warmaster Okawaru
   438 | D        | Noticed a warg
   439 | D        | Noticed an orc sorcerer
   473 | D        | Noticed an orc priest
   474 | D        | Noticed an orc wizard
   476 | D        | Noticed an iguana
   477 | D        | Noticed an orc wizard
   493 | D        | Killed an iguana
   493 | D        | Reached skill level 8 in Armour
   507 | D        | Killed an orc wizard
   507 | D        | Reached skill level 9 in Armour
   513 | D        | Killed an orc wizard
   513 | D        | Reached XP level 5. HP: 17/50 MP: 4/4
   535 | D        | Killed an orc priest
   535 | D        | Reached skill level 10 in Armour
   721 | D        | Noticed a merfolk
   723 | D        | Noticed a crocodile
   725 | D        | Noticed an iron imp
   733 | D        | Killed a merfolk
   733 | D        | Acquired Okawaru's first power
   733 | D        | Reached skill level 13 in Armour
   733 | D        | Reached XP level 6. HP: 9/57 MP: 5/5
   738 | D        | Slain by a crocodile

Vault maps used:
D:        pitsprint

Action                   |  1- 3 |  4- 6 || total
-------------------------+-------+-------++-------
Melee: Flail             |    26 |    15 ||    41
       Whip              |       |    64 ||    64
  Use: Potion            |     1 |     1 ||     2
       Scroll            |       |     1 ||     1
